 Dungeon Crawl Stone Soup version 0.22-a0-482-g76e0a5f (webtiles) character file.

64 KillYourself the Skirmisher (level 3, 0/29 HPs)
             Began as a Demonspawn Abyssal Knight on June 17, 2018.
             Was a Follower of Lugonu.
             Killed from afar by a dart slug (8 damage)
             ... with a slug dart
             ... on level 3 of the Dungeon.
             The game lasted 00:05:15 (2638 turns).

KillYourself the Skirmisher (DsAK)                  Turns: 2638, Time: 00:05:17

Health: 0/29       AC:  5    Str: 13    XL:     3   Next: 91%
Magic:  5/5        EV: 10    Int: 13    God:    Lugonu [*.....]
Gold:   107        SH:  0    Dex: 14    Spells: 2/2 levels left

rFire    . . .     SeeInvis .   a - +1 hand axe
rCold    . . .     Gourm    .   (no shield)
rNeg     . . .     Faith    .   j - +0 ring mail
rPois    .         Spirit   .   (helmet restricted)
rElec    .         Reflect  .   (no cloak)
rCorr    .         Harm     .   (no gloves)
MR       .....                  (no boots)
Stlth    +.........             (no amulet)
HPRegen  0.09/turn              (no ring)
MPRegen  0.09/turn              (no ring)

@: lethally poisoned (0 -> -6)
A: antennae 1, thin skeletal structure 1
a: Depart the Abyss, Renounce Religion


You were on level 3 of the Dungeon.
You worshipped Lugonu.
Lugonu was aware of your devotion.
You were not hungry.

You visited 1 branch of the dungeon, and saw 3 of its levels.
You visited the Abyss 1 time.

You collected 107 gold pieces.

Inventory:

Hand Weapons
 a - a +1 hand axe (weapon)
Armour
 b - a +0 leather armour
 j - a +0 ring mail (worn)
Scrolls
 d - a scroll of fog {unknown}
 e - a scroll of blinking {unknown}
 g - 2 scrolls of remove curse {unknown}
 h - a scroll of enchant armour {unknown}
 k - 2 scrolls of identify {unknown}
 n - a scroll of noise {unknown}
 o - a scroll of teleportation {unknown}
Potions
 f - a potion of flight {unknown}
 i - 3 potions of degeneration {unknown}
 l - a potion of mutation {unknown}
Comestibles
 c - 7 rations


   Skills:
 + Level 3.5 Fighting
 + Level 2.7 Axes
 + Level 2.5 Armour
 - Level 1.0 Dodging
 - Level 2.6 Invocations


You had 2 spell levels left.
You didn't know any spells.
Your spell library was empty.

Dungeon Overview and Level Annotations

Branches:
Dungeon (3/15)

Altars:


Innate Abilities, Weirdness & Mutations

You have a pair of small antennae on your head.
You have a somewhat thin skeletal structure. (Dex +2, Stealth)


Message History

You feel sick. The adder bites you. The dart slug launches a dart at you.
The slug dart hits you!
You hit the adder but do no damage.
The adder is lightly wounded.
The adder bites you. x2
You are more poisoned.
The adder poisons you! The dart slug launches a dart at you.
The slug dart hits you!
You barely miss the adder.
The adder is lightly wounded.
You feel sick. The adder bites you.
You hit the adder.
The adder is severely wounded.
You feel sick. The adder bites you.
* * * LOW HITPOINT WARNING * * *
The dart slug launches a dart at you. The slug dart hits you!
You die...

#######....>.##
..............[
#######.####.#
........####.#
###..........# #
#......###.#
###.<..#.###.##
..........)...#####
.........#......@.#
..............##S.w....#
#.#....#.###...##.#####.
#(#......# ###.# .#
#.#...#.## .# .#
.....##.# .# .#
#..####.# .# .# .... ..
..#


You could see an adder and a dart slug.

Vanquished Creatures
  2 adders
  An ooze (D:1)
  A worm (D:2)
  A dart slug (D:1)
  4 bats
  A giant cockroach (D:1)
  4 goblins
  3 hobgoblins (D:1)
  8 jackals
  3 frilled lizards
  2 kobolds
  6 rats
36 creatures vanquished.

Notes
Turn   | Place    | Note
-------+----------+-------------------------------------------
     0 | Abyss:1  | KillYourself the Demonspawn Abyssal Knight began the quest for the Orb.
     0 | Abyss:1  | Reached XP level 1. HP: 18/18 MP: 2/2
   112 | Abyss:1  | Noticed a daeva
   122 | D:1      | Escaped the Abyss
   520 | D:1      | Reached * piety under Lugonu
   520 | D:1      | Reached skill level 1 in Dodging
   520 | D:1      | Gained mutation: You have a pair of small antennae on your head. [demonic ancestry]
   520 | D:1      | Reached XP level 2. HP: 23/24 MP: 3/3
  1449 | D:2      | Gained mutation: You have a somewhat thin skeletal structure. (Dex +2, Stealth) [demonic ancestry]
  1449 | D:2      | Reached XP level 3. HP: 3/29 MP: 5/5
  2638 | D:3      | Killed from afar by a dart slug

Vault maps used:
D:1:      tarquinn_simple_flora_water_b
D:3:      uniq_grinder

Skill      XL: |  1  2 |
---------------+-------+-----
Dodging        | 1 |  1.0
Armour         | 2 |  2.5
Axes           | 2 |  2.7
Fighting       | |  3.5
Invocations    | |  2.6

Action                   || total
-------------------------++-------
Melee: Hand axe          ||   163
Invok: Depart the Abyss  ||     1
  Eat: Chunk             ||     6
Armor: Leather armour    ||    38
       Ring mail         ||    31
Dodge: Dodged            ||   122

Table legend:
 A = Spawn XP
 B = Non-spawn XP
 C = Spawn XP percentage of total XP
 D = Spawn monster count
 E = Non-spawn monster count
 F = Spawn count percentage of total count
 G = Total turns spent on level
                    A         B        C        D         E        F      G
               +---------+---------+-------+---------+---------+-------+---------
         Total |       0 |      92 |   0.0 |       0 |      36 |   0.0 |  2638
               +---------+---------+-------+---------+---------+-------+---------
           D:1 |       0 |      38 |   0.0 |       0 |      19 |   0.0 |  1296
           D:2 |       0 |      38 |   0.0 |       0 |      14 |   0.0 |  1155
           D:3 |       0 |      16 |   0.0 |       0 |       3 |   0.0 |    65
               +---------+---------+-------+---------+---------+-------+---------
